 Dungeon Crawl Stone Soup version 0.21-a0-442-g848f44b (webtiles) character file.

165 nikopol the Magician (level 5, -1/28 HPs)
             Began as a Deep Elf Fire Elementalist on Nov 10, 2017.
             Killed from afar by Natasha (6 damage)
             ... with a magic dart
             ... on level 3 of the Dungeon on Nov 12, 2017.
             The game lasted 00:09:10 (2024 turns).

nikopol the Magician (Deep Elf Fire Elementalist)   Turns: 2024, Time: 00:09:11

Health: -1/28      AC:  4    Str:  5    XL:     5   Next: 21%
Magic:  12/14      EV: 13    Int: 21    God:
Gold:   166        SH:  0    Dex: 15    Spells: 8/14 levels left

rFire    . . .     SeeInvis .   C - +1 dagger (venom)
rCold    . . .     Gourm    .   (no shield)
rNeg     . . .     Faith    .   a - +0 robe
rPois    .         Spirit   .   x - +0 helmet
rElec    .         Reflect  .   (no cloak)
rCorr    .         Harm     .   m - +0 pair of gloves
MR       .....                  (no boots)
Stlth    ++........             (no amulet)
HPRegen  0.09/turn              (no ring)
MPRegen  0.14/turn              (no ring)

@: slowed, very slow
A: no striking features
a: no special abilities


You were on level 3 of the Dungeon.
You were not hungry.

You visited 1 branch of the dungeon, and saw 3 of its levels.

You collected 166 gold pieces.

Inventory:

Hand Weapons
 g - a +0 dagger
 j - a +0 antimagic dagger
 C - a +1 dagger of venom (weapon)
Armour
 a - a +0 robe (worn)
 m - a +0 pair of gloves (worn)
 x - a +0 helmet (worn)
Jewellery
 s - a cursed ring of loudness {unknown}
Scrolls
 d - a scroll of magic mapping {unknown}
 f - a scroll of enchant armour {unknown}
 i - a scroll of fog {unknown}
 l - 5 scrolls of remove curse {unknown}
 q - 2 scrolls of noise {unknown}
 u - 2 scrolls of identify {unknown}
 w - a scroll of fear {unknown}
 y - a scroll of amnesia {unknown}
Potions
 e - a potion of curing {unknown}
 k - a potion of ambrosia {unknown}
 n - a potion of might {unknown}
 o - a potion of flight {unknown}
 r - a potion of haste {unknown}
 t - a potion of resistance {unknown}
 v - 2 potions of agility {unknown}
 A - a potion of invisibility {unknown}
Books
 b - a book of Flames

   Spells                             Type                      Level
   a - Flame Tongue                   Conjuration/Fire             1
   b - Throw Flame                    Conjuration/Fire             2
   c - Conjure Flame                  Conjuration/Fire             3
   d - Inner Flame                    Hexes/Fire                   3
   e - Sticky Flame                   Conjuration/Fire             4
   f - Fireball                       Conjuration/Fire             5
Comestibles
 c - 2 bread rations
 h - 4 royal jellies
 p - 3 meat rations
 z - 2 chunks of flesh
 B - 2 fruits


   Skills:
 + Level 2.7 Dodging
 + Level 2.9 Stealth
 + Level 5.0 Spellcasting
 + Level 2.4 Conjurations
 + Level 4.6 Fire Magic


You had 8 spell levels left.
You knew the following spells:

 Your Spells              Type           Power        Failure   Level  Hunger
a - Flame Tongue          Conj/Fire      ###..        2%          1    None
b - Throw Flame           Conj/Fire      ###...       3%          2    None
c - Conjure Flame         Conj/Fire      ###.....     8%          3    ##.....


Dungeon Overview and Level Annotations

Branches:
Dungeon (3/15)

Altars:
Fedhas
Gozag
Qazlal

Annotations:
D:3 Natasha


Message History

Aim: Natasha The flame tongue misses Natasha.
Natasha claws you. x2
Casting: Flame Tongue
Confirm with . or Enter, or press ? or * to list all spells.
Aiming: Flame Tongue
Press: ? - help, Shift-Dir - straight line, f/p - Natasha
Aim: Natasha The flame tongue hits Natasha.
Natasha is lightly wounded.
Natasha claws you!
* * * LOW HITPOINT WARNING * * *
Natasha misses you.
You see here a robe.
Natasha claws you but does no damage.
There is a large open door here.
There is a large open door here.
Natasha misses you. Natasha casts a spell at you. The magic dart hits you!
You die...

#.............. #
#.............. #.#
#.............. #.#
#.............. #.#
#...###'####... #.# #...#
#.# ..#######'#
#...###.####............
#......>................
#......@...####.........
#......h...# ........
#######'#### ....(...
#####'#######..[......
#....[...............#
####......###############
..........'..............
#.........########.......
#.........# #.).....


You could see Natasha.

Vanquished Creatures
  An orc wizard (D:3)
  Natasha (twice) (D:3)
  Terence (D:2)
  An adder (D:2)
  A worm (D:2)
  2 dart slugs
  A leopard gecko (D:2)
  7 hobgoblins
  3 jackals (D:2)
  A quokka (D:2)
  2 ball pythons
  7 bats
  4 frilled lizards (D:1)
  4 goblins
  8 kobolds
  4 rats
49 creatures vanquished.

Notes
Turn   | Place    | Note
-------+----------+-------------------------------------------
     0 | D:1      | nikopol the Deep Elf Fire Elementalist began the quest for the Orb.
     0 | D:1      | Reached XP level 1. HP: 10/10 MP: 6/6
     1 | D:1      | Upgraded the game from 0.21-a0-440-g28109cb to 0.21-a0-442-g848f44b
   232 | D:1      | Reached XP level 2. HP: 10/15 MP: 0/8
   743 | D:2      | Learned a level 2 spell: Throw Flame
   756 | D:2      | Found an opulent altar of Gozag.
   834 | D:2      | Reached XP level 3. HP: 19/19 MP: 6/10
   858 | D:2      | Found a stormy altar of Qazlal.
   935 | D:2      | Found a blossoming altar of Fedhas.
   986 | D:2      | Reached skill level 4 in Spellcasting
  1038 | D:2      | Noticed Terence
  1051 | D:2      | Learned a level 3 spell: Conjure Flame
  1071 | D:2      | Killed Terence
  1071 | D:2      | Reached XP level 4. HP: 24/24 MP: 0/12
  1664 | D:3      | Noticed Natasha
  1672 | D:3      | Killed Natasha
  1895 | D:3      | Reached XP level 5. HP: 28/28 MP: 1/14
  1896 | D:3      | Noticed Natasha
  1905 | D:3      | Killed Natasha
  1905 | D:3      | Reached skill level 5 in Spellcasting
  2004 | D:3      | Noticed Natasha
  2024 | D:3      | Killed from afar by Natasha

Vault maps used:
D:1:      minmay_arrival_split_and_join, minmay_liquid_box
D:2:      nicolae_qazlal_general_emergency, grunt_gozag_statues, fedhas_altar_3,
          uniq_terence
D:3:      lemuel_doored_altar, uniq_natasha, uniq_jessica

Skill      XL: |  1  2  3  4  5 |
---------------+----------------+-----
Fire Magic     | 4 |  4.6
Spellcasting   | 4 5 |  5.0
Conjurations   | 2 |  2.4
Dodging        | |  2.7
Stealth        | |  2.9

Action                   |  1- 3 |  4- 6 || total
-------------------------+-------+-------++-------
 Cast: Flame Tongue      |    73 |    29 ||   102
       Throw Flame       |     1 |     4 ||     5
       Conjure Flame     |     1 |     1 ||     2
  Eat: Chunk             |       |     3 ||     3
Armor: Robe              |     3 |     3 ||     6
Dodge: Dodged            |    17 |     9 ||    26

Table legend:
 A = Spawn XP
 B = Non-spawn XP
 C = Spawn XP percentage of total XP
 D = Spawn monster count
 E = Non-spawn monster count
 F = Spawn count percentage of total count
 G = Total turns spent on level
                    A         B        C        D         E        F      G
               +---------+---------+-------+---------+---------+-------+---------
         Total |       0 |     236 |   0.0 |       0 |      49 |   0.0 |  2024
               +---------+---------+-------+---------+---------+-------+---------
           D:1 |       0 |      33 |   0.0 |       0 |      23 |   0.0 |   727
           D:2 |       0 |      85 |   0.0 |       0 |      20 |   0.0 |   825
           D:3 |       0 |     118 |   0.0 |       0 |       6 |   0.0 |   472
               +---------+---------+-------+---------+---------+-------+---------
